 Dungeon Crawl Stone Soup version 0.20.1-1-g8b1a95d (webtiles) character file.

102330 gobwax the Fencer (level 16, -4/137 HPs)
             Began as a Formicid Fighter on Sept 9, 2017.
             Was a High Priest of Okawaru.
             Slain by an orc warrior
             ... wielding a +4 halberd of venom
              (20 damage)
             ... on level 2 of the Orcish Mines.
             The game lasted 01:14:08 (28890 turns).

gobwax the Fencer (Formicid Fighter)               Turns: 28890, Time: 01:14:09

Health: -4/137     AC: 28    Str: 29    XL:     16   Next: 85%
Magic:  16/21      EV: 10    Int:  7    God:    Okawaru [*****.]
Gold:   2764       SH:  0    Dex: 10    Spells: 15/15 levels left

rFire    + . .     SeeInvis +   Q - +3 scimitar (flame)
rCold    + . .     Gourm    .   c - +0 shield
rNeg     . . .     Faith    +   H - +0 plate armour {rF+}
rPois    .         Spirit   .   (helmet unavailable)
rElec    .         Reflect  .   b - scarf {repulsion}
rCorr    .         Harm     .   U - +4 pair of gloves of Okawaru's Delight {+Blink}
MR       ++...                  I - +0 pair of boots
Stlth    ..........             V - amulet of faith
Regen    0.4/turn               q - ring of protection from magic
MPRegen  0.2/turn               w - +3 ring of protection

@: confused, lethally poisoned (-4 -> -6), heroism, finesse, repel missiles
A: permanent stasis, dig shafts and tunnels, four strong arms, antennae 3,
yellow scales 1, cold resistance 1, robust 1, screaming 1
a: Dig, Shaft Self, Heroism, Finesse, Renounce Religion


You were on level 2 of the Orcish Mines.
You worshipped Okawaru.
Okawaru was extremely pleased with you.
You were hungry.

You visited 4 branches of the dungeon, and saw 24 of its levels.
You also visited: Labyrinth and Volcano.

You collected 2969 gold pieces.
You spent 205 gold pieces at shops.

Inventory:

Hand Weapons
 t - a +0 great sword
 y - a +2 long sword of holy wrath
 B - a +1 long sword of slicing
 K - a +1 demon blade of flaming
 O - a +2 scimitar of flaming
 Q - a +3 scimitar of flaming (weapon)
Armour
 b - a scarf of repulsion (worn)
 c - a +0 shield (worn)
 d - +0 acid dragon scales
 k - a +0 large shield
 H - a +0 plate armour of fire resistance (worn)
 I - a +0 pair of boots (worn)
 N - the scarf "Remeirph" {rN+}
   (You found it on level 2 of the Lair of Beasts)

   It protects you from negative energy.
 U - the +4 pair of gloves of Okawaru's Delight (worn) {+Blink}
   (Okawaru gifted it to you on level 10 of the Dungeon)

   It lets you blink.
Jewellery
 q - a ring of protection from magic (left hand)
 w - a +3 ring of protection (right hand)
 V - an amulet of faith (around neck)
Wands
 a - a wand of acid (3/15)
 g - a wand of random effects (22/48)
 j - a wand of scattershot (5/9)
 n - a wand of scattershot (5/9)
 s - a wand of acid (5/15)
 E - a wand of iceblast (8/15)
 J - a wand of lightning (2/15)
 L - a wand of paralysis (9/24)
Scrolls
 e - 19 scrolls of identify
 l - 3 scrolls of magic mapping
 m - 4 scrolls of enchant weapon
 u - 4 scrolls of fear
 x - 5 scrolls of recharging
 A - a scroll of fog
 D - 4 scrolls of enchant armour
 P - 8 scrolls of remove curse
Potions
 h - 4 potions of agility
 i - 4 potions of curing
 o - 6 potions of brilliance
 G - a potion of might
 R - 9 potions of heal wounds
 S - 2 potions of flight
Miscellaneous
 T - a phantom mirror
Comestibles
 f - 15 bread rations
 p - 27 fruits
 r - 3 chunks of flesh
 z - 11 meat rations
 X - 20 royal jellies


   Skills:
 + Level 11.0(16.0) Fighting
 - Level 20.2(25.2) Long Blades
 + Level 9.4(14.4) Armour
 * Level 15.1(20.1) Shields
 - Level 7.7 Invocations


You had 15 spell levels left.
You didn't know any spells.

Dungeon Overview and Level Annotations

Branches:
Dungeon (15/15)            Temple (1/1) D:5            Lair (6/6) D:11
  Swamp (0/4) Lair:2        Snake (0/4) Lair:4        Slime (0/5) Lair:6
    Orc (2/2) D:10            Elf (0/3) Orc:2        Vaults (0/5) D:14
 Depths (0/5) D:15

Altars:
Ashenzari
Dithmenos
Elyvilon
Fedhas
Gozag
Hepliaklqana
Makhleb
Nemelex Xobeh
Okawaru
Qazlal
Ru
Sif Muna
Trog
Uskayaw
Vehumet
Xom
Yredelemnul
Zin
The Shining One

Shops:
D:4 ?   D:11 *   D:12 }   Orc:2 %:

Annotations:
D:6 Prince Ribbit


Innate Abilities, Weirdness & Mutations

You cannot be hasted, slowed, berserked, paralysed or teleported.
You can dig through walls and to a lower floor.
Your four strong arms can wield two-handed weapons with a shield.
You have a pair of large antennae on your head. (SInv)
You are partially covered in yellow scales. (AC +2)
Your flesh is cold resistant. (rC+)
You are robust. (+10% HP)
You occasionally shout uncontrollably at your foes.


Message History

The scroll dissolves into smoke.
The orc knight roars a battlecry!
The orc warrior hits you from afar with a halberd of venom!
* * * LOW HITPOINT WARNING * * *
You are more poisoned.
You feel better. The orc knight hits you with a war axe!
* * * LOW HITPOINT WARNING * * *
The orc warrior hits you but does no damage.
You are poisoned.
You barely miss the orc knight.
The orc knight is heavily wounded.
You feel sick. The orc knight hits you with a war axe!
* * * LOW HITPOINT WARNING * * *
You hit the orc knight. You burn the orc knight.
The orc knight is severely wounded.
You are confused.
You feel invigorated.
The orc knight no longer looks unusually strong.
The orc warrior hits you from afar with a halberd of venom!!
You die...

.∩# ..# ##.3 {{3 {
{ #{o .. {##{o##
... #{{oo# #.#
{{{{{#o# { #.#
{{##@# {{{#.#{
##§§# #.# ###§§##
...####.####...##
#...........###
######.######
#######.#######
..........#...##
...........#...####


You could see 2 orc knights and an orc warrior.

Vanquished Creatures
  A stone giant (Volcano)
  A dire elephant (D:15)
  A minotaur (Lab)
  7 hydras
  8 vault guards (D:14)
  Fannar (D:10)
  3 centaur warriors
  An ogre mage (D:15)
  14 two-headed ogres
  3 death yaks (Lair:5)
  2 orc high priests (Orc:2)
  Sonja (Lair:2)
  3 unseen horrors
  6 ugly things
  A deep elf mage (D:14)
  A wolf spider zombie (D:13)
  3 orc sorcerers (Orc:2)
  2 wolf spiders
  An orc knight (Orc:2)
  3 cyclopes
  6 slime creatures
  4 manticores
  12 black mambas
  2 centaur zombies
  20 elephants
  7 gargoyles
  7 spiny frogs
  2 freezing wraiths
  2 efreet
  A kobold demonologist (D:13)
  10 komodo dragons
  4 rime drakes
  2 centaur skeletons (D:15)
  5 trolls
  3 minotaur zombies (Lab)
  6 polar bears
  3 meliai (Lair:4)
  A queen bee (Lair:4)
  4 blink frogs (Lair:6)
  Grinder (D:3)
  5 hornets (Lair:6)
  A hippogriff (shapeshifter) (D:14)
  A harpy skeleton (D:15)
  6 dream sheep (Lair:5)
  11 hippogriffs
  2 tarantellas (Orc:1)
  A redback (Orc:1)
  A vampire (D:11)
  A shadow (D:12)
  26 yaks
  14 spriggans
  A water elemental (D:14)
  The ghost of ThereIsNoGod the Stinger, an amateur SpVM (D:4)
  7 wyverns
  4 wraiths
  4 basilisks
  A hungry ghost (D:15)
  13 vampire mosquitoes
  A soldier ant (D:9)
  An acid dragon (D:14)
  4 swamp worms (Lair:2)
  35 water moccasins
  7 porcupines
  20 orc warriors
  16 ice beasts
  12 ogres
  3 phantoms
  3 black bears
  2 necrophages
  5 sky beasts
  16 wolves (Lair:6)
  4 boggarts (Lair:6)
  12 centaurs
  17 crocodiles
  4 big kobolds
  An elf zombie (D:8)
  31 bullfrogs
  2 earth elementals (Volcano)
  3 scorpions
  23 killer bees
  7 howler monkeys
  14 wights
  3 electric eels
  5 crimson imps
  A bullfrog zombie (D:6)
  A quasit (D:14)
  5 hounds
  The ghost of ThereIsNoGod the Stinger, a weakling SpVM (D:3)
  Crazy Yiuf (D:3)
  5 human zombies (D:8)
  4 jellies
  20 orc priests
  3 bullfrog skeletons
  A human skeleton (D:8)
  3 iguanas
  21 orc wizards
  Ijyb (D:3)
  Terence (D:3)
  5 hell rats (Lair:6)
  11 worker ants
  A hound skeleton (D:5)
  A hound zombie (D:10)
  3 mummies (D:8)
  A howler monkey zombie (D:6)
  Robin (D:2)
  8 gnolls (D:3)
  A howler monkey skeleton (D:11)
  23 adders
  3 shadow imps
  A worker ant simulacrum (D:9)
  2 adder zombies (D:8)
  2 oozes
  2 adder skeletons
  3 worms
  3 dart slugs
  A leopard gecko (D:1)
  87 orcs
  4 ball pythons
  3 giant cockroaches
  13 goblins
  12 hobgoblins
  2 jackals (D:1)
  19 kobolds
  8 quokkas
  A ball python zombie (D:5)
  8 bats
  5 frilled lizards
  A leopard gecko zombie (D:6)
  9 rats
  2 fungi (Lair:5)
830 creatures vanquished.

Vanquished Creatures (others)
  An ice beast (D:11)
  2 orcs (Orc:2)
  3 bushes (Lair:6)
  29 fungi
  6 plants
41 creatures vanquished.

Grand Total: 871 creatures vanquished

Notes
Turn   | Place    | Note
-------+----------+-------------------------------------------
     0 | D:1      | gobwax the Formicid Fighter began the quest for the Orb.
     0 | D:1      | Reached XP level 1. HP: 18/18 MP: 1/1
    38 | D:1      | Reached XP level 2. HP: 18/24 MP: 2/2
   114 | D:1      | Reached skill level 3 in Long Blades
   495 | D:1      | Reached XP level 3. HP: 25/29 MP: 3/3
  1041 | D:2      | Found a shattered altar of Ashenzari.
  1168 | D:2      | Reached XP level 4. HP: 35/35 MP: 4/4
  1197 | D:2      | Reached skill level 4 in Long Blades
  1201 | D:2      | Noticed Robin
  1226 | D:2      | Killed Robin
  1377 | D:2      | Found a stormy altar of Qazlal.
  1377 | D:2      | Found a glowing silver altar of Zin.
  1585 | D:2      | Found a sparkling altar of Nemelex Xobeh.
  1744 | D:2      | Found a radiant altar of Vehumet.
  1921 | D:3      | Noticed ThereIsNoGod's ghost (weakling SpVM)
  1924 | D:2      | Reached XP level 5. HP: 38/41 MP: 5/5
  2073 | D:3      | Found a white marble altar of Elyvilon.
  2137 | D:3      | Reached skill level 5 in Long Blades
  2226 | D:3      | Gained mutation: You are robust. (+10% HP) [potion of mutation]
  2226 | D:3      | Gained mutation: You occasionally shout uncontrollably at your foes. [potion of mutation]
  2226 | D:3      | Gained mutation: Your flesh is cold resistant. (rC+) [potion of mutation]
  2226 | D:3      | Gained mutation: You are partially covered in yellow scales. (AC +2) [potion of mutation]
  2237 | D:3      | Killed ThereIsNoGod's ghost
  2278 | D:3      | Found a glowing golden altar of the Shining One.
  2325 | D:3      | Reached XP level 6. HP: 32/51 MP: 6/6
  2520 | D:3      | Reached skill level 6 in Long Blades
  2727 | D:3      | Noticed Grinder
  2774 | D:3      | Killed Grinder
  2774 | D:3      | Reached skill level 7 in Long Blades
  2774 | D:3      | Reached XP level 7. HP: 22/57 MP: 7/7
  2965 | D:3      | Noticed Ijyb
  2976 | D:3      | Killed Ijyb
  3234 | D:3      | Found a runed door.
  3274 | D:3      | Noticed Crazy Yiuf
  3277 | D:3      | Killed Crazy Yiuf
  3327 | D:3      | Noticed Terence
  3336 | D:3      | Killed Terence
  3566 | D:4      | Found Daikorch's Magic Scroll Shop.
  3630 | D:4      | Reached skill level 8 in Long Blades
  3698 | D:4      | Noticed ThereIsNoGod's ghost (amateur SpVM)
  3704 | D:5      | Entered Level 5 of the Dungeon
  3704 | D:5      | Found a staircase to the Ecumenical Temple.
  3726 | Temple   | Entered the Ecumenical Temple
  3886 | Temple   | Became a worshipper of Warmaster Okawaru
  4001 | D:5      | Noticed an unseen horror
  4107 | D:5      | Killed an unseen horror
  4107 | D:5      | Reached * piety under Okawaru
  4107 | D:5      | Reached ** piety under Okawaru
  4107 | D:5      | Reached skill level 10 in Long Blades
  4107 | D:5      | Reached XP level 8. HP: 11/63 MP: 8/8
  4773 | D:4      | Killed ThereIsNoGod's ghost
  4773 | D:4      | Reached XP level 9. HP: 55/70 MP: 6/9
  5240 | D:5      | Reached skill level 11 in Long Blades
  6055 | D:6      | Reached *** piety under Okawaru
  6185 | D:6      | Noticed Prince Ribbit
  6393 | D:6      | Reached skill level 12 in Long Blades
  6953 | D:7      | Reached XP level 10. HP: 65/77 MP: 10/10
  7023 | D:7      | Found a hide-covered altar of Uskayaw.
  7093 | D:7      | Reached skill level 13 in Long Blades
  7750 | D:8      | Reached **** piety under Okawaru
  7750 | D:8      | Received a gift from Okawaru
  7934 | D:8      | Found a bloodstained altar of Trog.
  8164 | D:8      | Noticed a two-headed ogre
  8176 | D:8      | Killed a two-headed ogre
  8176 | D:8      | Reached skill level 14 in Long Blades
  8521 | D:8      | Found a basalt altar of Yredelemnul.
  8636 | D:8      | Found a burning altar of Makhleb.
  8902 | D:9      | Reached ***** piety under Okawaru
  8925 | D:9      | Reached XP level 11. HP: 60/82 MP: 11/11
  8974 | D:9      | Noticed an unseen horror
  8978 | D:9      | Killed an unseen horror
  8978 | D:9      | Reached skill level 15 in Long Blades
  9174 | D:9      | Reached skill level 1 in Invocations
  9177 | D:9      | Noticed a purple ugly thing
  9196 | D:9      | Killed a purple ugly thing
  9341 | D:9      | Received a gift from Okawaru
  9397 | D:9      | Found a burning altar of Makhleb.
  9480 | D:9      | Noticed a two-headed ogre
  9494 | D:9      | Killed a two-headed ogre
  9494 | D:9      | Reached skill level 16 in Long Blades
  9513 | D:9      | Noticed a two-headed ogre
  9513 | D:9      | Noticed a cyclops
  9513 | D:9      | Noticed a two-headed ogre
  9514 | D:9      | Noticed a wizard
  9534 | D:9      | HP: 4/82 [two-headed ogre/giant club (2)]
  9535 | D:9      | You fall through a shaft!
  9535 | D:10     | Entered Level 10 of the Dungeon
  9944 | D:10     | Noticed a two-headed ogre
  9953 | D:10     | Killed a two-headed ogre
 10587 | D:9      | Killed a cyclops
 10681 | D:9      | Killed a two-headed ogre
 10681 | D:9      | Reached XP level 12. HP: 73/89 MP: 5/14
 10969 | D:10     | Found a staircase to the Orcish Mines.
 11083 | D:10     | Reached skill level 17 in Long Blades
 11178 | D:10     | Noticed Fannar
 11194 | D:10     | Killed Fannar
 11208 | D:10     | Received a gift from Okawaru
 11216 | D:10     | Got a pair of jewelled gloves {god gift}
 11222 | D:10     | Identified the +4 pair of gloves of Okawaru's Delight {+Blink} (Okawaru gifted it to you on level 10 of the Dungeon)
 11465 | D:4      | Bought a scroll of enchant weapon for 75 gold pieces
 12008 | D:11     | You fall through a shaft for 2 floors!
 12388 | D:12     | Noticed a two-headed ogre
 12581 | D:13     | Reached skill level 18 in Long Blades
 12664 | D:13     | Reached skill level 5 in Invocations
 13053 | D:13     | Noticed a two-headed ogre
 13054 | D:13     | Noticed a sixfirhy
 13066 | D:13     | Killed a two-headed ogre
 13299 | D:12     | Found Niajuz's Gadget Shop.
 13317 | D:12     | Reached XP level 13. HP: 87/94 MP: 10/17
 13792 | D:11     | Found Oqonucidwa's General Store.
 13809 | D:11     | Bought 2 potions of heal wounds for 130 gold pieces
 13979 | D:11     | Reached skill level 19 in Long Blades
 14776 | D:11     | Found a staircase to the Lair.
 15347 | D:12     | You fall through a shaft for 3 floors!
 15347 | D:15     | Entered Level 15 of the Dungeon
 15885 | D:15     | Noticed a centaur warrior
 15897 | D:15     | Killed a centaur warrior
 16301 | D:13     | Received a gift from Okawaru
 16306 | D:13     | Reached skill level 20 in Long Blades
 16509 | D:13     | Reached XP level 14. HP: 72/102 MP: 14/19
 16614 | D:13     | You fall through a shaft!
 17308 | D:13     | You fall through a shaft!
 17361 | D:14     | Reached skill level 5 in Shields
 17424 | D:14     | Reached ****** piety under Okawaru
 17639 | D:14     | Received a gift from Okawaru
 17639 | D:14     | Reached skill level 5 in Fighting
 17685 | D:14     | Reached skill level 5 in Armour
 17691 | D:14     | Found a gate to the Vaults.
 19046 | D:15     | Found a staircase to the Depths.
 19046 | D:15     | Noticed a dire elephant
 19061 | D:15     | Killed a dire elephant
 19061 | D:15     | Received a gift from Okawaru
 19061 | D:15     | Reached XP level 15. HP: 112/118 MP: 12/20
 19127 | D:15     | Identified a scroll of acquirement
 19269 | Lair:1   | Entered Level 1 of the Lair of Beasts
 20054 | Lair:2   | Noticed Sonja
 20067 | Lair:2   | Killed Sonja
 20556 | Lair:2   | Got a faintly humming scarf
 20567 | Lair:2   | Identified the scarf "Remeirph" {rN+} (You found it on level 2 of the Lair of Beasts)
 20592 | Lair:2   | Reached skill level 10 in Shields
 20699 | Lair:2   | Found a staircase to the Swamp.
 21099 | Lair:3   | Found a labyrinth entrance.
 21111 | Lab      | Entered a labyrinth
 21626 | Lab      | Identified Civif Buhui's Volume of the Damaging Voyage
 22577 | Lair:4   | Found a staircase to the Snake Pit.
 22614 | Lair:4   | Received a gift from Okawaru
 24069 | Lair:5   | Reached skill level 10 in Fighting
 24149 | Lair:5   | Reached XP level 16. HP: 71/134 MP: 4/21
 24509 | Lair:6   | Entered Level 6 of the Lair of Beasts
 24533 | Lair:6   | Found a dark tunnel.
 24549 | Volcano  | Entered a volcano
 24601 | Volcano  | Received a gift from Okawaru
 24882 | Volcano  | Got a translucent dagger
 26365 | Lair:6   | Found a staircase to the Slime Pits.
 26567 | Lair:6   | Received a gift from Okawaru
 27744 | Orc:1    | Entered Level 1 of the Orcish Mines
 28521 | Orc:2    | Entered Level 2 of the Orcish Mines
 28724 | Orc:2    | Found Sixysh's Book Emporium.
 28736 | Orc:2    | Reached skill level 15 in Shields
 28748 | Orc:2    | Found a staircase to the Elven Halls.
 28810 | Orc:2    | Found Tacseor's Food Boutique.
 28890 | Orc:2    | Slain by an orc warrior

Skill      XL: |  1  2  3  4  5  6  7  8  9 10 11 12 13 14 15 16 |
---------------+-------------------------------------------------+-----
Long Blades    | 3 4 5 7 10 12 14 16 18 20 | 20.2
Invocations    | 2 5 7 |  7.7
Shields        | 9 12 15 | 15.1
Fighting       | 7 10 11 | 11.0
Armour         | 6 8 9 |  9.4

Action                   |  1- 3 |  4- 6 |  7- 9 | 10-12 | 13-15 | 16-18 || total
-------------------------+-------+-------+-------+-------+-------+-------++-------
Melee: Long sword        |    85 |   193 |   338 |       |       |    73 ||   689
       Great sword       |       |       |    50 |    51 |       |       ||   101
       Scimitar          |       |       |       |   465 |       |   647 ||  1112
       Demon blade       |       |       |       |   202 |  1515 |    19 ||  1736
Invok: Heroism           |       |       |     4 |    14 |    14 |    13 ||    45
       Finesse           |       |       |       |     9 |    13 |     9 ||    31
 Abil: Shaft Self        |       |       |       |     2 |     3 |       ||     5
       Dig               |       |       |       |       |     1 |     2 ||     3
  Use: Potion            |       |     8 |     8 |     2 |     5 |     7 ||    30
       Scroll            |       |       |     8 |     3 |    12 |     2 ||    25
 Stab: Invisible         |       |     1 |       |       |     9 |       ||    10
       Distracted        |       |       |       |       |     1 |       ||     1
  Eat: Chunk             |       |     6 |    14 |    22 |    37 |    14 ||    93
       Fruit             |       |       |       |       |     1 |     1 ||     2
Armor: Scale mail        |    38 |    29 |   125 |    80 |       |       ||   272
       Plate armour      |       |    75 |    22 |   135 |   522 |   323 ||  1077
       Skin              |       |       |    38 |       |       |       ||    38
Dodge: Dodged            |    22 |    44 |    98 |   137 |   244 |   174 ||   719
       Deflected         |       |       |       |       |     2 |     3 ||     5
Block: Shield            |    54 |   116 |   161 |   251 |   592 |   459 ||  1633
       Rpst.: Long sword |     7 |    13 |    25 |       |       |       ||    45
       Great sword       |       |       |     5 |     3 |       |       ||     8
       Scimitar          |       |       |       |    28 |       |    43 ||    71
       Demon blade       |       |       |       |     5 |    51 |       ||    56
